 Dungeon Crawl Stone Soup version 0.18-a0-1070-gd466a24 (webtiles) character file.

136 ater218 the Firebug (level 4, -8/24 HPs)
             Began as a Deep Elf Fire Elementalist on Jan 13, 2016.
             Was an Initiate of Kikubaaqudgha.
             Shot with an arrow by a centaur (9 damage)
             ... on level 4 of the Dungeon.
             The game lasted 00:21:25 (3637 turns).

ater218 the Firebug (Deep Elf Fire Elementalist)    Turns: 3637, Time: 00:21:26

Health: -8/24      AC:  3    Str:  5    XL:     4   Next: 98%
Magic:  0/12       EV: 13    Int: 21    God:    Kikubaaqudgha [......]
Gold:   158        SH:  0    Dex: 15    Spells: 2 memorised, 8 levels left

rFire  . . .     SeeInvis .     e - +0 short sword
rCold  . . .     Gourm    .     a - +1 robe
rNeg   . . .     Faith    .     (no shield)
rPois  .         Spirit   .     (no helmet)
rElec  .         Dismiss  .     (no cloak)
rCorr  .         Reflect  .     (no gloves)
SustAt .         Harm     .     (no boots)
MR     .....                    d - amulet of regeneration
Stlth  ++........               (no ring)
                                (no ring)

@: not resistant to hostile enchantments, unstealthy
A: no striking features
a: Renounce Religion


You were on level 4 of the Dungeon.
You worshipped Kikubaaqudgha.
Kikubaaqudgha was noncommittal.
You were not hungry.

You visited 2 branches of the dungeon, and saw 5 of its levels.

You collected 158 gold pieces.

Inventory:

Hand Weapons
 e - a +0 short sword (weapon)
Armour
 a - a +1 robe (worn)
Jewellery
 d - an amulet of regeneration (around neck)
Scrolls
 l - a scroll of identify {unknown}
 m - 2 scrolls of teleportation {unknown}
Potions
 i - a potion of poison {unknown}
Books
 b - a book of Flames

   Spells                             Type                      Level
   a - Flame Tongue                   Conjuration/Fire             1
   b - Throw Flame                    Conjuration/Fire             2
   c - Conjure Flame                  Conjuration/Fire             3
   d - Inner Flame                    Hexes/Fire                   3
   e - Sticky Flame                   Conjuration/Fire             4
   f - Fireball                       Conjuration/Fire             5
Comestibles
 c - 3 bread rations
 g - 3 fruits
 h - 2 royal jellies
 j - a beef jerky
 k - a meat ration


   Skills:
 + Level 3.2 Dodging
 + Level 2.7 Stealth
 + Level 4.3 Spellcasting
 * Level 2.7 Conjurations
 + Level 4.4 Fire Magic


You had 8 spell levels left.
You knew the following spells:

 Your Spells              Type           Power        Failure   Level  Hunger
a - Flame Tongue          Conj/Fire      ###..        2%          1    None
b - Throw Flame           Conj/Fire      ###...       4%          2    #......


Dungeon Overview and Level Annotations

Branches:
Dungeon (4/15)             Temple (1/1) D:4

Altars:
Ashenzari
Cheibriados
Dithmenos
Elyvilon
Fedhas
Gozag
Kikubaaqudgha
Nemelex Xobeh
Pakellas
Qazlal
Ru
Sif Muna
Trog
Vehumet
Yredelemnul
The Shining One


Message History

The arrow closely misses you.
Casting: Throw Flame
Confirm with . or Enter, or press ? or * to list all spells.
Aiming: Throw Flame
Press: ? - help, Shift-Dir - straight line, f/p - centaur
Aim: a centaur, wielding a shortbow (heavily wounded)
The puff of flame hits the centaur.
The centaur is severely wounded.
The centaur shoots an arrow.
The arrow hits you!
* * * LOW HITPOINT WARNING * * *
Casting: Throw Flame
Confirm with . or Enter, or press ? or * to list all spells.
Aiming: Throw Flame
Press: ? - help, Shift-Dir - straight line, f/p - centaur
Aim: a centaur, wielding a shortbow (severely wounded)
The puff of flame hits the centaur.
The centaur is almost dead.
The centaur shoots an arrow.
The arrow hits you!
You die...
Kikubaaqudgha rasps: "You have failed me!
Welcome... death!"

#.. ##.. .# ### . ...
.) #.. #.###.. .# #.##
......c. .# #..
.......##.##### #.#
##.....#...... #<#
.##.....@.##### #.#
.........(....# #.#
#...8.8.8.##.# #.#
#.#..⌠.⌠..##[#
#.#######.#.8.>.8..#.#
#............⌠.⌠.....#
##.#######...8.8.8.##.#
...# #####.#.......##.#
#### #................#


You could see a centaur.

Vanquished Creatures
  Ijyb (D:2)
  5 adders
  An ooze (D:2)
  3 giant geckos
  6 bats
  2 giant cockroaches
  8 goblins
  8 hobgoblins
  2 jackals (D:2)
  A quokka (D:3)
  3 ball pythons (D:2)
  3 giant newts
  9 kobolds
  11 rats
63 creatures vanquished.

Notes
Turn   | Place    | Note
--------------------------------------------------------------
     0 | D:1      | ater218 the Deep Elf Fire Elementalist began the quest for the Orb.
     0 | D:1      | Reached XP level 1. HP: 10/10 MP: 6/6
   170 | D:1      | Reached XP level 2. HP: 15/15 MP: 4/8
   787 | D:1      | Reached XP level 3. HP: 19/19 MP: 6/9
   883 | D:1      | Reached skill level 4 in Fire Magic
   901 | D:2      | Learned a level 2 spell: Throw Flame
  1218 | D:2      | Found a glowing golden altar of the Shining One.
  1403 | D:2      | Noticed Ijyb
  1424 | D:2      | Killed Ijyb
  1424 | D:2      | Reached XP level 4. HP: 10/24 MP: 2/12
  2361 | D:3      | Found a shadowy altar of Dithmenos.
  3276 | D:3      | Found a white marble altar of Elyvilon.
  3280 | D:3      | Found a snail-covered altar of Cheibriados.
  3282 | D:3      | Found a blossoming altar of Fedhas.
  3515 | D:4      | Found a staircase to the Ecumenical Temple.
  3534 | Temple   | Entered the Ecumenical Temple
  3583 | Temple   | Became a worshipper of Kikubaaqudgha
  3630 | D:4      | Noticed a centaur
  3636 | D:4      | HP: 1/24 [centaur/arrow (10)]
  3637 | D:4      | Shot with an arrow by a centaur

Vault maps used:
D:1:      lightli_arrival_statue_moat, st_stairs_8
D:2:      tso_oasis_becter, first_bread, uniq_iyjb
D:3:      nicolae_overflow_hidden_temple, grunt_dithmenos_smoke_and_mirrors
D:4:      minmay_temple_entry_statues_fountains
Temple:   water_room_temple_b_12

Action                   |  1- 3 |  4- 6 || total
-------------------------+-------+-------++-------
Melee: Unarmed           |    17 |     2 ||    19
 Cast: Flame Tongue      |    56 |    20 ||    76
       Throw Flame       |    16 |    40 ||    56
  Use: Potion            |     4 |     4 ||     8
       Scroll            |     1 |     5 ||     6
  Eat: Chunk             |     2 |     4 ||     6
       Royal jelly       |       |     1 ||     1
       Fruit             |       |     1 ||     1
       Pizza             |       |     1 ||     1
